 Dungeon Crawl Stone Soup version 0.22-a0-274-gf8199ec (webtiles) character file.

81 sankara the Caller (level 4, -4/30 HPs)
             Began as a Barachi Summoner on Mar 14, 2018.
             Was an Initiate of Fedhas.
             Slain by a worker ant (5 damage)
             ... on level 3 of the Dungeon.
             The game lasted 00:13:15 (3630 turns).

sankara the Caller (Barachi Summoner)               Turns: 3630, Time: 00:13:16

Health: -4/30      AC:  4    Str:  9    XL:     4   Next: 40%
Magic:  2/9        EV: 12    Int: 17    God:    Fedhas [......]
Gold:   166        SH:  0    Dex: 12    Spells: 1/10 levels left

rFire    . . .     SeeInvis .   a - +0 dagger
rCold    . . .     Gourm    .   (no shield)
rNeg     . . .     Faith    .   d - +0 robe
rPois    .         Spirit   .   (no helmet)
rElec    .         Reflect  .   (no cloak)
rCorr    .         Harm     .   (no gloves)
MR       .....                  r - +1 pair of boots
Stlth    ++........             (no amulet)
HPRegen  0.10/turn              (no ring)
MPRegen  0.11/turn              (no ring)

@: slow
A: +LOS, swims, slowness 1, strong legs 1
a: Hop, Fungal Bloom, Renounce Religion


You were on level 3 of the Dungeon.
You worshipped Fedhas.
Fedhas was noncommittal.
You were hungry.

You visited 1 branch of the dungeon, and saw 4 of its levels.

You collected 166 gold pieces.

Inventory:

Hand Weapons
 a - a +0 dagger (weapon)
   (You took it off a kobold on level 1 of the Dungeon)
 o - a cursed +0 short sword
   (You found it on level 2 of the Dungeon)
 q - a +0 hunting sling
   (You found it on level 2 of the Dungeon)
Missiles
 m - 109 stones (quivered)
Armour
 d - a +0 robe (worn)
 r - a +1 pair of boots (worn)
   (You found it on level 2 of the Dungeon)
Scrolls
 b - a scroll of enchant armour
 f - 4 scrolls of identify
 g - 5 scrolls of magic mapping {unknown}
 i - a scroll of blinking {unknown}
 p - a scroll of fear {unknown}
 u - a scroll of teleportation {unknown}
 v - a scroll of fog {unknown}
 x - a scroll of immolation {unknown}
Potions
 e - 2 potions of agility {unknown}
 h - 3 potions of curing {unknown}
 j - a potion of mutation {unknown}
 k - 2 potions of haste
 l - 2 potions of resistance {unknown}
 n - a potion of cancellation {unknown}
 s - a potion of might {unknown}
Comestibles
 c - 4 rations


   Skills:
 - Level 2.1 Dodging
 - Level 1.7 Stealth
 + Level 3.6 Spellcasting
 + Level 6.0 Summonings


You had one spell level left.
You knew the following spells:

 Your Spells              Type           Power        Failure   Level  Hunger
a - Summon Small Mammal   Summ           ###.         1%          1    None
b - Call Imp              Summ           ###.....     1%          2    ##.....
c - Call Canine Familiar  Summ           ###.....     4%          3    ###....
d - Summon Guardian Gole  Hex/Summ       ##......     14%         3    ###....


Dungeon Overview and Level Annotations

Branches:
Dungeon (4/15)
 Temple: D:4-7

Altars:
Fedhas


Innate Abilities, Weirdness & Mutations

Shadows flee at your approach. (+LOS)
You can swim through water.
You cover ground slowly.
You can hop short distances.


Message History

Your white imp freezes the centaur skeleton.
The centaur skeleton resists.
Your hound closely misses the orc.
A worker ant and an ice beast come into view.
You hit the centaur skeleton.
The centaur skeleton is severely damaged.
The orc hits your hound but does no damage.
The orc barely misses your hound. The centaur skeleton hits you.
Your hound bites the orc.
Your white imp hits the centaur skeleton.
Your white imp freezes the centaur skeleton.
The centaur skeleton resists.
You hit the centaur skeleton.
You destroy the centaur skeleton!
Your hound bites the orc.
The orc dies!
The orc hits your hound but does no damage.
Something barely misses your shadow imp.
The orc hits you.
Your crimson imp hits something.
Your hound bites the orc but does no damage.
Your white imp hits the orc but does no damage.
You hit the orc but do no damage. The orc hits you but does no damage.
Your shadow imp hits the orc.
The orc hits your hound with a club. Something hits your shadow imp.
The orc closely misses your hound.
Your hound bites the orc.
The orc closely misses your hound.
Your crimson imp hits something.
The orc barely misses your white imp.
Your white imp hits the orc but does no damage.
You closely miss the orc.
The orc is severely wounded.
Your hound bites the orc.
The orc hits you with a whip.
Your shadow imp hits the orc.
Something hits your shadow imp but does no damage.
The orc hits your hound but does no damage.
The orc misses your hound. The orc misses you.
Your crimson imp blinks!
The orc misses your hound.
Your white imp barely misses the orc.
Your hound closely misses the orc.
You hit the orc.
You kill the orc!
The orc misses your shadow imp. The orc hits your hound with a club.
Your hound barely misses the orc.
The orc misses you.
Your white imp hits the orc.
Your white imp freezes the orc.
You hit the orc.
The orc is almost dead.
Your hound bites the orc.
The orc hits your hound with a flail.
Your shadow imp gestures at the orc.
The orc writhes in agony!
The orc dies!
Something hits you but does no damage.
The orc hits your shadow imp with a club.
The orc closely misses you.
Your hound misses the orc.
Your white imp misses the orc.
You hit the orc.
You kill the orc!
The worker ant barely misses your shadow imp.
Your shadow imp gestures at the orc.
The orc barely resists.
Something hits you. The ice beast hits your shadow imp.
Your shadow imp dies!
The orc hits your hound but does no damage.
Your hound closely misses the orc.
The worker ant closely misses your hound.
You closely miss the orc.
The orc is lightly wounded.
Your hound barely misses the orc.
Something hits you. The orc barely misses your hound. The orc misses you.
The worker ant closely misses your hound.
Your white imp hits the orc.
Your white imp freezes the orc.
Your hound bites the orc.
You hit the orc.
You kill the orc!
Something hits you but does no damage. The ice beast closely misses you.
Your hound bites the orc.
The orc dies!
Your Summonings skill increases to level 6!
Your crimson imp blinks!
You hit the ice beast but do no damage.
Your hound bites something.
Something hits you. The ice beast hits you. The ice beast freezes you!
* * * LOW HITPOINT WARNING * * *
The worker ant closely misses you.
Your hound bites something.
Your white imp hits the ice beast but does no damage.
Something hits you.
* * * LOW HITPOINT WARNING * * *
The worker ant bites you.
* * * LOW HITPOINT WARNING * * *
The ice beast barely misses you.
Your hound closely misses something.
Your crimson imp blinks!
Your white imp misses the ice beast.
You climb upwards.
Fedhas's fungi set to work.
Fedhas appreciates ongoing decay.
Your summoned allies are left behind.
There is a stone staircase leading down here.
As you read the scroll labeled EHOAKU TAFOO, it crumbles to dust.
You hear a loud clanging noise!
It was a scroll of noise.
The worker ant barely misses you. Something hits you but does no damage.
As you read the scroll labeled EVANYOWNID, it crumbles to dust.
It is a scroll of enchant armour.
Your +0 pair of boots glows green for a moment.
The worker ant bites you.
You die...
Fedhas appreciates your contribution to the ecosystem.

......#####...######.......###...
.####...............<###.#.###...
.........................#.#..÷÷.
...##................##..#.#.#...
.#.##.#####...######.##......#...
†#.##.# #...# #.##.##.######
).....# #...# #.......# .#.####
#...#########[..## .#)#
#....a@.Y..####)####### .#.#
####....#####.# #........ ...#
#.....#.#####.# #..####.. ####
#..........##.# #..####..
######.>##.#..#.#..# #........
#......=...........# ##.####..
#.####..##........## #.####..
###.####..##.##.....# #.......
......##........#.#.# ########


You could see an ice beast and a worker ant.

Vanquished Creatures
  A centaur skeleton (D:4)
  An adder (D:2)
  A dart slug (D:1)
  4 orcs
  4 goblins
  3 hobgoblins
  2 jackals (D:2)
  2 bats
  A kobold (D:2)
  2 rats
21 creatures vanquished.

Vanquished Creatures (collateral kills)
  An adder (D:3)
  An ooze (D:1)
  A dart slug (D:1)
  3 orcs (D:4)
  2 bats
  2 giant cockroaches (D:3)
  4 goblins
  2 hobgoblins (D:1)
  4 jackals
  7 kobolds
  A quokka (D:2)
  4 frilled lizards
  6 rats
38 creatures vanquished.

Vanquished Creatures (others)
  9 toadstools (D:3)
9 creatures vanquished.

Grand Total: 68 creatures vanquished

Notes
Turn   | Place    | Note
-------+----------+-------------------------------------------
     0 | D:1      | sankara the Barachi Summoner began the quest for the Orb.
     0 | D:1      | Reached XP level 1. HP: 13/13 MP: 3/3
   158 | D:1      | Reached skill level 5 in Summonings
   446 | D:1      | Reached XP level 2. HP: 19/19 MP: 1/5
   450 | D:1      | Learned a level 2 spell: Call Imp
  1775 | D:2      | Reached XP level 3. HP: 20/24 MP: 1/7
  1777 | D:2      | Reached skill level 3 in Spellcasting
  1877 | D:2      | Found a blossoming altar of Fedhas.
  1890 | D:2      | Became a worshipper of Fedhas Madash
  2189 | D:2      | Learned a level 3 spell: Call Canine Familiar
  3465 | D:3      | Reached XP level 4. HP: 21/30 MP: 3/9
  3571 | D:3      | Learned a level 3 spell: Summon Guardian Golem
  3617 | D:4      | Noticed an ice beast
  3625 | D:4      | Reached skill level 6 in Summonings
  3626 | D:4      | HP: 6/30 [ice beast (10)]
  3627 | D:4      | HP: 1/30 [worker ant (3)]
  3630 | D:3      | Slain by a worker ant

Vault maps used:
D:1:      ncdulo_smallfort, serial_forest, infiniplex_forest_lined_room_,
          infiniplex_forest_lined_3, infiniplex_forest_straight_3,
          infiniplex_forest_clump_small, infiniplex_forest_fountain,
          infiniplex_forest_end_3, infiniplex_forest_end_3,
          infiniplex_forest_clump_diagonal, infiniplex_forest_lined_room_,
          minmay_misc_feat_roman, corexii_leaking_fountain
D:2:      lemuel_round_altar
D:4:      minmay_opposing_rooms, first_ration, uniq_edmund, uniq_duvessa,
          uniq_eustachio

Skill      XL: |  1  2  3  4 |
---------------+-------------+-----
Summonings     | 5 6 |  6.0
Spellcasting   | 3 |  3.6
Dodging        | |  2.1
Stealth        | |  1.7

Action                   |  1- 3 |  4- 6 || total
-------------------------+-------+-------++-------
Melee: Dagger            |   114 |    11 ||   125
 Cast: Summon Small Mamm |    34 |       ||    34
       Call Imp          |    19 |     3 ||    22
       Call Canine Famil |     6 |     1 ||     7
Invok: Fungal Bloom      |     4 |       ||     4
  Use: Scroll            |     2 |     2 ||     4
 Stab: Sleeping          |     2 |       ||     2
  Eat: Chunk             |    11 |       ||    11
Armor: Robe              |    20 |     3 ||    23
Dodge: Dodged            |    81 |    10 ||    91

Table legend:
 A = Spawn XP
 B = Non-spawn XP
 C = Spawn XP percentage of total XP
 D = Spawn monster count
 E = Non-spawn monster count
 F = Spawn count percentage of total count
 G = Total turns spent on level
                    A         B        C        D         E        F      G
               +---------+---------+-------+---------+---------+-------+---------
         Total |       0 |     116 |   0.0 |       0 |      59 |   0.0 |  3630
               +---------+---------+-------+---------+---------+-------+---------
           D:1 |       0 |      25 |   0.0 |       0 |      18 |   0.0 |  1413
           D:2 |       0 |      30 |   0.0 |       0 |      17 |   0.0 |  1315
           D:3 |       0 |      27 |   0.0 |       0 |      17 |   0.0 |   885
           D:4 |       0 |      34 |   0.0 |       0 |       7 |   0.0 |    17
               +---------+---------+-------+---------+---------+-------+---------

Vault maps used:
D:1:      ncdulo_smallfort, serial_forest, infiniplex_forest_lined_room_,
          infiniplex_forest_lined_3, infiniplex_forest_straight_3,
          infiniplex_forest_clump_small, infiniplex_forest_fountain,
          infiniplex_forest_end_3, infiniplex_forest_end_3,
          infiniplex_forest_clump_diagonal, infiniplex_forest_lined_room_,
          minmay_misc_feat_roman, corexii_leaking_fountain
D:2:      lemuel_round_altar
D:4:      minmay_opposing_rooms, first_ration, uniq_edmund, uniq_duvessa,
          uniq_eustachio

Table legend:
 A = Turns spent in this place as a percentage of turns spent in the entire game.
 B = Non-inter-level travel turns spent in this place as a percentage of non-inter-level travel turns spent in the entire game.
 C = Inter-level travel turns spent in this place as a percentage of turns spent in this place.
 D = Turns resting spent in this place as a percentage of non-inter-level travel turns spent in this place.
 E = Turns spent auto-exploring this place as a percentage of non-inter-level travel turns spent in this place.
 F = Non-inter-level travel turns spent in this place divided by the number of levels of this place that you've seen.
                   A       B       C       D       E      F
               +-------+-------+-------+-------+-------+----------------------
         Total | 100.0 | 100.0 |   4.7 |  24.2 |  58.0 | 864.5
       Dungeon | 100.0 | 100.0 |   4.7 |  24.2 |  58.0 | 864.5
               +-------+-------+-------+-------+-------+----------------------

Table legend:
 A = Kills in this place as a percentage of kills in entire the game.
 B = Kills by you in this place as a percentage of kills by you in the entire game.
 C = Kills by friends in this place as a percentage of kills by friends in the entire game.
 D = Other kills in this place as a percentage of other kills in the entire game.
 E = Experience gained in this place as a percentage of experience gained in the entire game.
 F = Experience gained in this place divided by the number of levels of this place that you have seen.
                   A       B       C       D       E      F
               +-------+-------+-------+-------+-------+----------------------
         Total | 100.0 | 100.0 | 100.0 |   N/A | 100.0 |  29.0
       Dungeon | 100.0 | 100.0 | 100.0 |   N/A | 100.0 |  29.0
               +-------+-------+-------+-------+-------+----------------------
